 Dungeon Sprint DCSS version 0.27-a0-409-gd57800a693 (webtiles) character file.

Game seed: 5371527727133427395

430 Gaff the Skirmisher (level 6, 0/71 HPs)
             Began as a Troll Abyssal Knight on Feb 23, 2021.
             Was a Believer of Lugonu.
             Slain by Sonja
             ... wielding a +2 dagger of distortion
              (9 damage)
             ... in the Dungeon (Sprint I: "Red Sonja").
             The game lasted 00:09:53 (786 turns).

Gaff the Skirmisher (Troll Abyssal Knight)           Turns: 786, Time: 00:09:54

Health: 0/71       AC:  4    Str: 23    XL:     6   Next: 66%
Magic:  6/7        EV: 12    Int:  8    God:    Lugonu [**....]
Gold:   297        SH:  0    Dex:  9    Spells: 5/5 levels left

rFire    . . .     SeeInvis .   a - +1 mace
rCold    . . .     Faith    .   (no shield)
rNeg     . . .     Spirit   .   m - +0 robe
rPois    .         Reflect  .   (helmet restricted)
rElec    .         Harm     .   (no cloak)
rCorr    .         Rampage  .   (gloves unavailable)
Will     .....     NoTele   +   (boots unavailable)
Stlth    +.........             (no amulet)
HPRegen  1.21/turn              (no ring)
MPRegen  0.10/turn              (no ring)

@: lethally poisoned (0 -> -1), hasted and slowed
A: large, unfitting armour, claws 3, regeneration 1, shaggy fur 1, tough skin 1
a: Renounce Religion, Bend Space


You were in the Dungeon.
You worshipped Lugonu.
Lugonu was pleased with you.
You visited 1 branch You collected 297 gold pieces.

Inventory:

Hand Weapons
 a - a +1 mace (weapon)
 i - a +0 dagger
 k - a +0 giant club
 l - a +0 scythe
Armour
 b - a +0 robe
 j - a +0 leather armour
 m - a +0 robe (worn)
Scrolls
 h - a scroll of blinking
Potions
 c - a potion of curing
 f - 2 potions of magic
 g - a potion of berserk rage


   Skills:
 + Level 7.6 Fighting
 + Level 7.0 Maces & Flails
 + Level 6.8 Dodging
 + Level 1.3 Stealth
 + Level 3.1 Invocations


You had 5 spell levels left.
You didn't know any spells.
Your spell library was empty.

Dungeon Overview and Level Annotations

Branches:
Dungeon (1/1)

Altars:
Cheibriados
Dithmenos
Elyvilon
Fedhas
Gozag
Hepliaklqana
Kikubaaqudgha
Nemelex Xobeh
Okawaru
Qazlal
Ru
Sif Muna
Trog
Uskayaw
Vehumet
Wu Jian
Yredelemnul
Zin
The Shining One

Shops:
D [

Annotations:
D Sonja


Innate Abilities, Weirdness & Mutations

You are too large for most types of armour.
You have claws for hands.
Your natural rate of healing is unusually fast.
You are covered in fur. (AC +1)
You have tough skin. (AC +1)


Message History

* * * LOW HITPOINT WARNING * * *
You feel yourself slow down.
There is an open door here.
Space bends around you!
You blink.
* * * LOW HITPOINT WARNING * * *
You feel very sick.
You feel much better.
You feel sick.
Sonja casts a spell.
Sonja blinks!
You feel sick.
Sonja throws a curare-tipped dart.
The curare-tipped dart hits you.
You are more poisoned.
You have difficulty breathing.
* * * LOW HITPOINT WARNING * * *
You feel as though you will be slow longer.
There is a blossoming altar of Fedhas here.
Okay, then.
You feel yourself speed up.
You feel very sick.
You hit Sonja.
Sonja is lightly wounded.
You feel sick.
Sonja barely misses you. x2; Sonja closely misses you.
Sonja hits you but does no damage. Space bends around you.
* * * LOW HITPOINT WARNING * * *
Sonja hits you but does no damage. x2; Space bends around you.
* * * LOW HITPOINT WARNING * * *
You feel much better.
You feel sick. Sonja misses you.
Sonja hits you with a +2 dagger of distortion.
Sonja hits you but does no damage. Space warps horribly around you!!
* * * LOW HITPOINT WARNING * * *
You thump Sonja!
Sonja is heavily wounded.
You feel sick. Sonja barely misses you.
Sonja hits you with a +2 dagger of distortion.
* * * LOW HITPOINT WARNING * * *
Space bends around you.
* * * LOW HITPOINT WARNING * * *
Sonja barely misses you.
Sonja hits you with a +2 dagger of distortion!
You die...

################
#<.#..'..#..'..#
#..'..#..'.[#..+
#..#####'#####'#
#..####..#...#.#
#..#__####..##.#
#..#___@K##'#_.+
#⌠⌠#_.∩...'..._#
####_..__##_.#+#
#_____###'#
####### #.#
+$.$+ #$.$#
##.## #+#


You could see Sonja.

Vanquished Creatures
  Sigmund (D)
  A yak (D)
  An ogre (D)
  A jelly (D)
  Ijyb (D)
5 creatures vanquished.

Notes
Turn   | Place    | Note
-------+----------+-------------------------------------------
     0 | D        | Gaff the Troll Abyssal Knight began the quest for the Orb.
     0 | D        | Reached XP level 1. HP: 22/22 MP: 1/1
     1 | D        | Noticed Ijyb
    49 | D        | Killed Ijyb
    50 | D        | Reached XP level 2. HP: 28/32 MP: 2/2
    80 | D        | Noticed an ogre
    91 | D        | Killed an ogre
    91 | D        | Reached ** piety under Lugonu
    92 | D        | Reached skill level 5 in Fighting
    92 | D        | Reached XP level 3. HP: 28/42 MP: 3/3
    92 | D        | Reached XP level 4. HP: 34/50 MP: 4/4
   525 | D        | Noticed Sigmund
   540 | D        | Killed Sigmund
   541 | D        | Reached skill level 5 in Maces & Flails
   541 | D        | Reached XP level 5. HP: 50/61 MP: 4/6
   591 | D        | Found an ornate altar of the Wu Jian Council.
   591 | D        | Found a shimmering blue altar of Sif Muna.
   597 | D        | Found a radiant altar of Vehumet.
   627 | D        | Reached skill level 1 in Stealth
   627 | D        | Reached XP level 6. HP: 26/71 MP: 7/7
   714 | D        | Found Savofoc's Armour Emporium.
   714 | D        | Found an ancient bone altar of Kikubaaqudgha.
   714 | D        | Found a hazy altar of Hepliaklqana.
   714 | D        | Found a stormy altar of Qazlal.
   714 | D        | Found a hide-covered altar of Uskayaw.
   714 | D        | Found a blossoming altar of Fedhas.
   714 | D        | Found a bloodstained altar of Trog.
   714 | D        | Found an iron altar of Okawaru.
   714 | D        | Found a basalt altar of Yredelemnul.
   714 | D        | Found a glowing golden altar of the Shining One.
   714 | D        | Found a snail-covered altar of Cheibriados.
   714 | D        | Found a sacrificial altar of Ru.
   714 | D        | Found a glowing silver altar of Zin.
   714 | D        | Found a shadowy altar of Dithmenos.
   714 | D        | Found a white marble altar of Elyvilon.
   714 | D        | Noticed a yak
   726 | D        | Killed a yak
   727 | D        | Found an opulent altar of Gozag.
   730 | D        | Found a sparkling altar of Nemelex Xobeh.
   774 | D        | Noticed Sonja
   780 | D        | HP: 1/71 [poisoned by Sonja (curare-tipped dart)]
   786 | D        | Slain by Sonja

Illustrated notes

Levels and vault maps discovered:
D:        dungeon_sprint_1 [red_sonja_temple_1, red_sonja_temple_small_1]

Skill      XL: |  1  2  3  4  5  6 |
---------------+-------------------+-----
Fighting       | 4 5 6 7 |  7.6
Maces & Flails | 2 4 5 6 7 |  7.0
Dodging        | 3 4 6 |  6.8
Invocations    | 2 3 |  3.1
Stealth        | 1 |  1.3

Action                   |  1- 3 |  4- 6 || total
-------------------------+-------+-------++-------
Melee: Mace              |    50 |    33 ||    83
Invok: Bend Space        |       |     3 ||     3
  Use: Potion            |       |     3 ||     3
Armor: Robe              |    12 |     6 ||    18
Dodge: Dodged            |    21 |    25 ||    46

Table legend: (Time is in decaauts)
 A = Elapsed time spent in this place.
 B = Non-inter-level travel time spent in this place.
 C = Inter-level travel time spent in this place.
 D = Time resting spent in this place.
 E = Time spent auto-exploring this place.
 F = Levels seen in this place.
 G = Mean time per level.
                   A        B        C        D        E       F      G
               +--------+--------+--------+--------+--------+-----+--------+
         Total |    806 |    806 |      0 |    445 |      7 |   1 |  806.0 |
       Dungeon |    806 |    806 |      0 |    445 |      7 |   1 |  806.0 |
               +--------+--------+--------+--------+--------+-----+--------+

Top non-repeatable levels by time:
       D: 806 daAuts
